 Dungeon Crawl Stone Soup version 0.25-a0-492-g44cc58d (webtiles) character file.

Game seed: 9851321459292494776, levelgen mode: deterministic

7450 relicbr the Thaumaturge (level 10, -17/85 HPs)
             Began as a Demonspawn Necromancer on Feb 11, 2020.
             Was a Believer of Kikubaaqudgha.
             Demolished by a komodo dragon (25 damage)
             ... on level 1 of the Lair of Beasts.
             The game lasted 00:42:59 (12108 turns).

relicbr the Thaumaturge (Demonspawn Necromancer)   Turns: 12108, Time: 00:43:00

Health: -17/85     AC: 11    Str:  8    XL:     10   Next: 93%
Magic:  0/33       EV: 15    Int: 19    God:    Kikubaaqudgha [**....]
Gold:   596        SH:  0    Dex: 15    Spells: 14/29 levels left

rFire    . . .     SeeInvis .   a - +2 dagger (venom)
rCold    . . .     Gourm    .   (no shield)
rNeg     . . .     Faith    .   z - +0 leather armour
rPois    .         Spirit   .   S - +0 helmet
rElec    .         Reflect  .   D - +0 cloak
rCorr    .         Harm     .   x - +2 pair of gloves
MR       .....                  (no boots)
Stlth    +.........             (no amulet)
HPRegen  0.24/turn              f - ring of magical power
MPRegen  0.23/turn              I - +3 ring of evasion

@: studying Shields
A: hooves 2, thin metallic scales 2, powered by death 1, spiny 2
a: Receive Corpses, Renounce Religion


You were on level 1 of the Lair of Beasts.
You worshipped Kikubaaqudgha.
Kikubaaqudgha was pleased with you.
You were hungry.

You visited 3 branches of the dungeon, and saw 12 of its levels.
You also visited: Ossuary.

You collected 836 gold pieces.
You spent 240 gold pieces at shops.

Inventory:

Hand Weapons
 a - a +2 dagger of venom (weapon)
 b - the +3 dagger of True Grit {vorpal, MR++}
   (You found it on level 4 of the Dungeon)

   It inflicts extra damage upon your enemies.
   It affects your resistance to hostile enchantments.
 k - a +1 scimitar of flaming
 u - a +1 rapier of draining
Missiles
 N - 7 poisoned darts (quivered)
Armour
 q - a +0 tower shield
 x - a +2 pair of gloves (worn)
 z - a +0 leather armour (worn)
 D - a +0 cloak (worn)
 S - a +0 helmet (worn)
 U - a +1 pair of boots of running
Jewellery
 f - a ring of magical power (left hand)
 y - an uncursed ring of stealth
 I - a +3 ring of evasion (right hand)
 Q - the ring of the Kraken {Fire Str+2}
   (You found it on level 9 of the Dungeon)

   [ring of fire]

   It enhances your fire magic.
   It affects your strength (+2).
   It protects you from fire.
   It makes you vulnerable to cold.
Wands
 g - a wand of disintegration (20)
 v - a wand of iceblast (14)
 A - a wand of digging (6)
 C - a wand of paralysis (4)
 E - a wand of polymorph (8)
Scrolls
 d - 7 scrolls of remove curse
 h - 2 scrolls of blinking
 i - a scroll of magic mapping
 l - 2 scrolls of noise {unknown}
 m - a scroll of immolation {unknown}
 n - 3 scrolls of fog {unknown}
 r - 7 scrolls of fear
 t - 8 scrolls of teleportation
 w - 3 scrolls of amnesia {unknown}
 G - a scroll of torment {unknown}
 K - a scroll of enchant armour {unknown}
 L - 2 scrolls of enchant weapon {unknown}
 O - a scroll of holy word {unknown}
Potions
 e - 2 potions of haste
 j - 5 potions of curing
 o - a potion of agility
 p - 2 potions of resistance
 s - a potion of invisibility
 F - 3 potions of mutation
 H - a potion of brilliance {unknown}
 J - 3 potions of might
 M - a potion of berserk rage {unknown}
 P - a potion of experience {unknown}
 T - a potion of heal wounds {unknown}
 V - a potion of ambrosia {unknown}
Books
 B - a manual of Shields
Comestibles
 c - 17 rations
 R - a chunk of flesh


   Skills:
 - Level 10.0 Fighting
 - Level 1.7 Dodging
 - Level 1.7 Stealth
 * Level 10.2 Spellcasting
 - Level 10.0 Necromancy


You had 14 spell levels left.
You knew the following spells:

 Your Spells              Type           Power        Failure   Level  Hunger
a - Pain                  Necr           ####         1%          1    None
b - Vampiric Draining     Necr           #####.....   1%          3    None
c - Animate Dead          Necr           N/A          1%          4    ##.....
d - Agony                 Necr           #####...     4%          5    #####..
e - Blink                 Tloc           N/A          16%         2    None

Your spell library contained the following spells:

 Spells                   Type           Power        Failure   Level  Hunger
 Animate Skeleton         Necr           N/A          1%          1    None
 Sublimation of Blood     Necr           #####.....   1%          2    None
 Magic Dart               Conj           #...         11%         1    None
 Call Imp                 Summ           #.......     16%         2    None
 Slow                     Hex            #.......     16%         2    None
 Conjure Flame            Conj/Fire      #.......     32%         3    None
 Mephitic Cloud           Conj/Pois/Air  #.......     32%         3    None


Dungeon Overview and Level Annotations

Branches:
Dungeon (10/15)            Temple (1/1) D:4            Lair (1/6) D:8
    Orc (0/2) D:10        Ossuary (visited)

Altars:
Ashenzari
Cheibriados
Dithmenos
Elyvilon
Fedhas
Gozag
Hepliaklqana
Kikubaaqudgha
Makhleb
Nemelex Xobeh
Okawaru
Qazlal
Ru
Sif Muna
Trog
Uskayaw
Wu Jian
Xom
Yredelemnul
Zin
The Shining One

Shops:
D:2 *   D:7 *


Innate Abilities, Weirdness & Mutations

You have hoof-like feet.
You are mostly covered in thin metallic scales. (AC +3)
You regenerate a little health from kills.
You are mostly covered in sharp spines.


Message History

The komodo dragon is moderately wounded.
The komodo dragon is struck by your spines.
The komodo dragon bites you.
Your yak skeleton closely misses the komodo dragon.
You hit the komodo dragon but do no damage.
The komodo dragon is poisoned.
The komodo dragon is moderately wounded.
The komodo dragon bites you!!
* * * LOW HITPOINT WARNING * * *
Your yak zombie gores the komodo dragon!
Unknown command.
Casting: Pain (safe; 1% risk of failure)
Confirm with . or Enter, or press ? or * to list all spells.
Aiming: Vampiric Draining (safe; 1% risk of failure)
Press: ? - help, Shift-Dir - straight line, f/p - komodo dragon
Aim: a komodo dragon (heavily wounded, very poisoned)
The komodo dragon is severely wounded.
You feel life coursing into your body. The komodo dragon bites you!!
You die...
Kikubaaqudgha rasps: "You have failed me!
Welcome... death!"

##### #####...## ###
#.##..@..# ..
#......l.####.#
#.##...ZZ##.#.###.#.
#.###...............
#.# ##..............
#.# ####.###.###...
#.# #.# ..# . #<#
#.# .## #...# #.# .#


You could see a komodo dragon, a friendly yak zombie and a friendly yak
skeleton.

Vanquished Creatures
  A two-headed ogre (D:9)
  Erica (D:10)
  A hippogriff (D:10)
  A spriggan (D:7)
  4 yaks (Lair:1)
  A vampire (D:9)
  A steam dragon (D:8)
  A basilisk (Lair:1)
  A water moccasin (D:9)
  2 sky beasts
  4 orc warriors
  A necrophage (D:7)
  A phantom (D:4)
  4 ogres
  3 centaurs
  A big kobold (D:9)
  6 bullfrogs
  A gnoll sergeant (D:7)
  4 scorpions
  8 wights
  7 howler monkeys
  4 crimson imps
  3 centaur zombies
  5 orc priests
  7 hounds
  A centaur skeleton (D:7)
  3 jellies
  3 iguanas
  6 orc wizards
  2 worker ants
  3 killer bee zombies
  A hound skeleton (D:9)
  8 mummies (Ossuary)
  7 gnolls
  13 adders
  2 shadow imps
  2 adder skeletons
  2 adder zombies
  A worm (D:2)
  3 dart slugs
  5 leopard geckos
  23 orcs
  2 ball pythons
  3 giant cockroaches
  A gnoll zombie (Ossuary)
  7 goblins
  5 hobgoblins
  15 jackals
  3 quokkas
  11 bats
  9 frilled lizards
  2 hobgoblin zombies (Ossuary)
  10 kobolds
  4 kobold zombies (Ossuary)
  An orc zombie (Ossuary)
  2 quokka skeletons
  A quokka zombie (D:8)
  9 rats
243 creatures vanquished.

Vanquished Creatures (collateral kills)
  An orc warrior (D:8)
  An ogre (D:8)
  A scorpion (D:8)
  A quasit (D:10)
  A hound (D:10)
  4 orc priests
  An orc wizard (D:10)
  An iguana (D:8)
  6 orcs
  A kobold (D:9)
18 creatures vanquished.

Grand Total: 261 creatures vanquished

Notes
Turn   | Place    | Note
-------+----------+-------------------------------------------
     0 | D:1      | relicbr the Demonspawn Necromancer began the quest for the
                  | Orb.
     0 | D:1      | Reached XP level 1. HP: 13/13 MP: 3/3
   528 | D:1      | Gained mutation: You are partially covered in sharp spines.
                  | [demonic ancestry]
   528 | D:1      | Reached XP level 2. HP: 19/19 MP: 3/5
   650 | D:1      | Reached skill level 5 in Necromancy
  1468 | D:2      | Gained mutation: You are mostly covered in sharp spines.
                  | [demonic ancestry]
  1468 | D:2      | Reached XP level 3. HP: 24/24 MP: 6/6
  1640 | D:2      | Found an opulent altar of Gozag.
  1660 | D:2      | Found Gozag's Platinum Reserve.
  2009 | D:2      | Learned a level 3 spell: Vampiric Draining
  2034 | D:2      | Gained mutation: You regenerate a little health from kills.
                  | [demonic ancestry]
  2034 | D:2      | Reached XP level 4. HP: 29/30 MP: 4/7
  2254 | D:3      | Gained mutation: You are partially covered in thin metallic
                  | scales. (AC +2) [demonic ancestry]
  2254 | D:3      | Reached XP level 5. HP: 27/35 MP: 3/8
  2305 | D:3      | Found a sparkling altar of Nemelex Xobeh.
  2460 | D:3      | Found a hide-covered altar of Uskayaw.
  2517 | D:3      | Found a faded altar of an unknown god.
  2665 | D:3      | Found a glowing silver altar of Zin.
  2745 | D:4      | Learned a level 4 spell: Animate Dead
  2805 | D:4      | Found a burning altar of Makhleb.
  2885 | D:4      | You fall into a shaft and drop 3 floors!
  2897 | D:7      | Noticed a necrophage
  2918 | D:7      | Killed a necrophage
  2918 | D:7      | Gained mutation: You are mostly covered in thin metallic
                  | scales. (AC +3) [demonic ancestry]
  2918 | D:7      | Reached XP level 6. HP: 28/41 MP: 9/9
  3063 | D:7      | Reached XP level 7. HP: 40/46 MP: 10/10
  3198 | D:7      | Found Xeteqia's Assorted Antiques.
  3207 | D:7      | Reached skill level 10 in Necromancy
  3221 | D:7      | Reached skill level 1 in Fighting
  3493 | D:7      | Found a shimmering altar of Xom.
  3528 | D:7      | Bought a glowing rapier for 210 gold pieces
  3528 | D:7      | Bought a scroll labeled UHUSIA GILEO for 30 gold pieces
  3581 | D:7      | Found a blossoming altar of Fedhas.
  3784 | D:7      | Noticed a spriggan baker
  3791 | D:7      | Killed a spriggan baker
  3791 | D:7      | Reached XP level 8. HP: 33/61 MP: 11/11
  4138 | D:7      | Got an ichor-stained hand axe
  4139 | D:7      | Identified the +1 hand axe of Ruehit {venom, Str-2 Dex+5
                  | SInv} (You found it on level 7 of the Dungeon)
  4238 | D:7      | Reached skill level 5 in Fighting
  5635 | D:5      | Entered Level 5 of the Dungeon
  5670 | D:5      | Found a sand-covered staircase.
  5675 | Ossuary  | Entered an ossuary
  5812 | Ossuary  | Gained mutation: You have large cloven feet. [demonic
                  | ancestry]
  5812 | Ossuary  | Reached XP level 9. HP: 18/75 MP: 12/12
  7342 | D:4      | Found a staircase to the Ecumenical Temple.
  7358 | Temple   | Entered the Ecumenical Temple
  7390 | Temple   | Became a worshipper of Kikubaaqudgha
  7505 | D:4      | Found a glowing golden altar of the Shining One.
  7630 | D:4      | Got an encrusted dagger
  7641 | D:4      | Identified the +3 dagger of True Grit {vorpal, MR++} (You
                  | found it on level 4 of the Dungeon)
  8215 | D:8      | Reached skill level 10 in Fighting
  8485 | D:8      | Found a staircase to the Lair.
  8603 | D:8      | Found a snail-covered altar of Cheibriados.
  8811 | D:8      | Reached skill level 5 in Spellcasting
  8883 | D:8      | Reached * piety under Kikubaaqudgha
  8883 | D:8      | Identified Kikubaaqudgha's Disquisition on Evil
                  | (Kikubaaqudgha gifted it to you on level 8 of the Dungeon)
  8883 | D:8      | Received a gift from Kikubaaqudgha
  9242 | D:9      | Learned a level 2 spell: Blink
  9253 | D:9      | Noticed a two-headed ogre
  9270 | D:9      | Killed a two-headed ogre
  9270 | D:9      | Gained mutation: You have hoof-like feet. [demonic
                  | ancestry]
  9270 | D:9      | Reached XP level 10. HP: 85/85 MP: 19/19
  9729 | D:9      | Got a brightly glowing silver ring
  9942 | D:9      | Identified the ring of the Kraken {Fire Str+2} (You found
                  | it on level 9 of the Dungeon)
  9963 | D:9      | Found a sacrificial altar of Ru.
 10595 | D:9      | Found a shimmering blue altar of Sif Muna.
 10830 | D:10     | Entered Level 10 of the Dungeon
 10877 | D:10     | Learned a level 5 spell: Agony
 11246 | D:10     | Noticed Erica
 11261 | D:10     | Killed Erica
 11418 | D:10     | Reached ** piety under Kikubaaqudgha
 11453 | D:10     | Found a staircase to the Orcish Mines.
 12023 | Lair:1   | Entered Level 1 of the Lair of Beasts
 12073 | Lair:1   | Reached skill level 10 in Spellcasting
 12107 | Lair:1   | HP: 1/85 [komodo dragon (25)]
 12108 | Lair:1   | Demolished by a komodo dragon

Levels and vault maps discovered:
D:1:      saegor_arrival_under_anarchy, layout_basic
D:2:      layout_rooms, nicolae_gozag_zags_fifth_avenue, minmay_pentomino_z4
D:3:      layout_rooms, lemuel_coloured_pillars_altar,
          nicolae_overflow_crystal_walls,
          chequers_ecumenical_altar_simple_redux,
          nemelex_xobeh_ov_fountains_minmay
D:4:      layout_loops_ring, overflow_temple_1_default,
          nicolae_tso_swordbearing_angel, temple_green
D:5:      layout_basic, first_ration, enter_ossuary_2
D:6:      layout_loops_ring
D:7:      layout_loops_cross, kennysheep_little_box, kennysheep_mini,
          serial_shops, nicolae_shop_waterfront, the_bakery,
          minmay_manual_mandibuliform
D:8:      layout_gridville, lemuel_crystal_altar, lair_entry_dummy,
          fungi_pond_lemuel
D:9:      layout_irregular_city, marbit_many_paths, lemuel_blue_sif_altar
D:10:     layout_cave_pods, orc_0_dummy, uniq_erica
Temple:   minmay_temple_bridge_abc
Lair:1:   layout_loops_ring, dpeg_stationary_puzzle

Skill      XL: |  1  2  3  4  5  6  7  8  9 10 |
---------------+-------------------------------+-----
Necromancy     | 5 6 7 8 9 10 | 10.0
Fighting       | 4 8 10 | 10.0
Spellcasting   | 6 10 | 10.2
Dodging        | |  1.7
Stealth        | |  1.7

Action                   |  1- 3 |  4- 6 |  7- 9 | 10-12 || total
-------------------------+-------+-------+-------+-------++-------
Melee: Club              |     9 |       |       |       ||     9
       Unarmed           |     4 |       |       |       ||     4
       Spear             |    47 |    82 |       |       ||   129
       Dagger            |     8 |    23 |   185 |   178 ||   394
       Rapier            |       |       |    91 |       ||    91
       Hand axe          |       |       |    79 |       ||    79
       Kick              |       |       |    36 |    42 ||    78
       Scimitar          |       |       |       |     3 ||     3
Throw: Throwing net      |       |     2 |     5 |     2 ||     9
       Dart              |       |       |    31 |    15 ||    46
 Cast: Pain              |    37 |    13 |    47 |    20 ||   117
       Animate Dead      |       |       |     6 |    17 ||    23
       Vampiric Draining |       |       |     2 |    14 ||    16
       Blink             |       |       |       |     1 ||     1
Evoke: Wand              |       |       |       |    22 ||    22
  Use: Scroll            |     2 |     3 |     9 |     3 ||    17
       Potion            |       |       |       |     4 ||     4
 Stab: Sleeping          |     2 |       |     3 |       ||     5
       Held in net/web   |       |     2 |     3 |       ||     5
       Distracted        |       |       |       |     1 ||     1
  Eat: Chunk             |     4 |     4 |    14 |    11 ||    33
       Ration            |       |       |     2 |       ||     2
Armor: Robe              |     5 |       |       |       ||     5
       Scale mail        |    13 |    46 |    51 |       ||   110
       Leather armour    |     1 |       |    52 |    82 ||   135
Dodge: Dodged            |    36 |    34 |   151 |   135 ||   356

Table legend:
 A = Non-vault XP
 B = Vault XP
 C = Vault XP percentage of total XP
 D = Non-vault monster count
 E = Vault monster count
 F = Vault count percentage of total count
                 A         B        C        D         E       F
            +---------+---------+-------+---------+---------+-------
      Total |    9095 |    1549 |  14.6 |     234 |      27 |  10.3
            +---------+---------+-------+---------+---------+-------
        D:1 |      33 |       0 |   0.0 |      18 |       0 |   0.0
        D:2 |     111 |       5 |   4.3 |      25 |       3 |  10.7
        D:3 |      88 |       0 |   0.0 |      24 |       0 |   0.0
        D:4 |     420 |       0 |   0.0 |      14 |       0 |   0.0
        D:5 |     394 |       0 |   0.0 |      14 |       0 |   0.0
        D:6 |     793 |       0 |   0.0 |      22 |       0 |   0.0
        D:7 |    1095 |     475 |  30.3 |      27 |       6 |  18.2
        D:8 |    1442 |       0 |   0.0 |      29 |       0 |   0.0
        D:9 |    2156 |       6 |   0.3 |      33 |       1 |   2.9
       D:10 |    1544 |     912 |  37.1 |      23 |       1 |   4.2
     Lair:1 |    1019 |       0 |   0.0 |       5 |       0 |   0.0
    Ossuary |       0 |     151 | 100.0 |       0 |      16 | 100.0
            +---------+---------+-------+---------+---------+-------
